 Dungeon Crawl Stone Soup version 0.18.1-1-g2f07953 (webtiles) character file.

252 epen the Insei (level 5, -1/42 HPs)
             Began as a Draconian Transmuter on May 6, 2016.
             Succumbed to an orc wizard's poison
             ... on level 4 of the Dungeon.
             The game lasted 00:10:14 (4706 turns).

epen the Insei (Draconian Transmuter)               Turns: 4706, Time: 00:10:15

Health: -1/42      AC:  2    Str: 12    XL:     5   Next: 89%
Magic:  6/9        EV: 26    Int: 14    God:
Gold:   179        SH:  0    Dex: 22    Spells: 3 memorised, 3 levels left

rFire  . . .     SeeInvis .       - Unarmed
rCold  . . .     Gourm    .     (armour unavailable)
rNeg   . . .     Faith    .     (shield currently unavailable)
rPois  x         Spirit   .     (helmet currently unavailable)
rElec  .         Dismiss  .     (cloak currently unavailable)
rCorr  .         Reflect  .     (gloves currently unavailable)
SustAt .         Harm     .     (boots currently unavailable)
MR     .....                    (no amulet)
Stlth  +++.......               (no ring)
                                (no ring)

@: agile, lethally poisoned (-1 -> -17), spider-form (expiring), very slightly
contaminated, not resistant to hostile enchantments, fairly stealthy
A: unfitting armour, (cold-blooded), AC +5
a: End Transformation


You were on level 4 of the Dungeon.
You were hungry.
You were a venomous arachnid creature.
You visited 1 branch of the dungeon, and saw 4 of its levels.

You collected 179 gold pieces.

Inventory:

Missiles
 a - 65 arrows
Jewellery
 g - an uncursed amulet of faith
Wands
 p - a wand of flame (48/48)
Scrolls
 e - 3 scrolls of recharging
 i - 2 scrolls of identify {unknown}
 l - a scroll of remove curse {unknown}
 o - a scroll of enchant armour {unknown}
Potions
 h - 3 potions of haste
 j - a potion of agility
Books
 b - a book of Changes

   Spells                             Type                      Level
   a - Beastly Appendage              Transmutation                1
   b - Sticks to Snakes               Transmutation                2
   c - Spider Form                    Transmutation/Poison         3
   d - Ice Form                       Ice/Transmutation            4
   e - Blade Hands                    Transmutation                5
Comestibles
 c - 5 bread rations
 f - 2 beef jerkies
 k - 3 meat rations
 m - 4 fruits


   Skills:
 + Level 2.5 Fighting
 + Level 2.8 Dodging
 * Level 4.4 Unarmed Combat
 + Level 2.7 Spellcasting
 * Level 3.4 Transmutations


You had 3 spell levels left.
You knew the following spells:

 Your Spells              Type           Power        Failure   Level  Hunger
a - Beastly Appendage     Trmt           ##....       17%         1    #......
b - Sticks to Snakes      Trmt           ##......     24%         2    ###....
c - Spider Form           Trmt/Pois      #.........   61%         3    ###....


Dungeon Overview and Level Annotations

Branches:
Dungeon (4/15)
 Temple: D:4-7

Altars:
Ashenzari
Trog
Zin
The Shining One

Annotations:
D:4 HungrySpirit's ghost, amateur OgAM


Innate Abilities, Weirdness & Mutations

((Your plain brown scales are hard (AC +5).))
Your body does not fit into most forms of armour.
((You are cold-blooded and may be slowed by cold attacks.))


Message History

It was a scroll of blinking.
* * * LOW HITPOINT WARNING * * *
You feel sick.
Found a cyan potion.
* * * LOW HITPOINT WARNING * * *
You feel sick.
You see here a cyan potion.
d - a cyan potion
* * * LOW HITPOINT WARNING * * *
You feel sick.
Unknown command.
Drink which item? (? for menu, Esc to quit)
It was a potion of cure mutation.
It has a very clean taste.
* * * LOW HITPOINT WARNING * * *
You feel sick.
Read which item? (? for menu, Esc to quit)
As you read the scroll labeled DESTIELUECH, it crumbles to dust.
The air around you briefly surges with heat, but it dissipates.
It was a scroll of immolation.
You die...

#....##.....#..........#.#.####.
#.#.........##.###.###.#.#.# #.
#.#####.........##.........####.
#. #.....##..######.#[....... #.
.... #..######.#.###.... #.
#........ยง......##.
#.#####.................
........#####.##########
#.#####s# #. #.# #. #.# #. #.#
#. #.# #. #.. ###


There were no monsters in sight!

Vanquished Creatures
  An orc wizard (D:4)
  Robin (D:4)
  A howler monkey skeleton (D:4)
  8 adders
  2 oozes (D:2)
  A dart slug (D:3)
  2 worms (D:2)
  A giant gecko (D:1)
  3 orcs (D:4)
  6 bats
  7 giant cockroaches
  16 goblins
  10 hobgoblins
  8 jackals
  6 quokkas
  2 giant newts (D:3)
  7 kobolds
  16 rats
98 creatures vanquished.

Vanquished Creatures (collateral kills)
  An adder (D:2)
  A worm (D:2)
  A goblin (D:4)
3 creatures vanquished.

Grand Total: 101 creatures vanquished

Notes
Turn   | Place    | Note
--------------------------------------------------------------
     0 | D:1      | epen the Draconian Transmuter began the quest for the Orb.
     0 | D:1      | Reached XP level 1. HP: 16/16 MP: 3/3
   301 | D:1      | Reached XP level 2. HP: 22/23 MP: 5/5
   310 | D:1      | Learned a level 2 spell: Sticks to Snakes
   815 | D:1      | Reached XP level 3. HP: 27/28 MP: 4/6
  1117 | D:2      | Learned a level 3 spell: Spider Form
  1222 | D:2      | Noticed a moth of wrath
  1225 | D:2      | Found a bloodstained altar of Trog.
  1618 | D:2      | Reached XP level 4. HP: 29/35 MP: 4/7
  1852 | D:2      | HP: 1/36 [poisoned by an adder]
  1858 | D:2      | HP: 1/36 [poisoned by an adder]
  2595 | D:2      | Reached skill level 4 in Unarmed Combat
  2933 | D:3      | Reached XP level 5. HP: 35/41 MP: 4/8
  2967 | D:3      | Found a shattered altar of Ashenzari.
  3113 | D:3      | Found a glowing silver altar of Zin.
  3457 | D:3      | Found a glowing golden altar of the Shining One.
  3886 | D:4      | Noticed Robin
  4350 | D:4      | Killed Robin
  4421 | D:4      | Noticed HungrySpirit's ghost (amateur OgAM)
  4704 | D:4      | HP: 2/42 [poisoned by an orc wizard]
  4706 | D:4      | Succumbed to an orc wizard's poison

Skill      XL: |  1  2  3  4  5 |
---------------+----------------+-----
Dodging        | 2 |  2.8
Transmutations | 3 |  3.4
Unarmed Combat | 4 |  4.4
Fighting       | 2 |  2.5
Spellcasting   | |  2.7

Action                   |  1- 3 |  4- 6 || total
-------------------------+-------+-------++-------
Melee: Unarmed           |   184 |   239 ||   423
       Tailslap          |    14 |    10 ||    24
       Headbutt          |     5 |     1 ||     6
       Punch             |     1 |     2 ||     3
       Kick              |       |     1 ||     1
 Cast: Beastly Appendage |     5 |     1 ||     6
       Sticks to Snakes  |     5 |     6 ||    11
       Spider Form       |       |    11 ||    11
  Use: Potion            |       |     4 ||     4
       Scroll            |       |     3 ||     3
 Stab: Sleeping          |     1 |     1 ||     2
  Eat: Chunk             |     3 |    12 ||    15
Armor: Skin              |    54 |    52 ||   106
Dodge: Dodged            |   129 |   147 ||   276
